 Dungeon Sprint DCSS version 0.29-a0-551-gffc1d7fb78 (webtiles) character file.

Game seed: 2184855869379923114

730 mhtbhm the Grappler (level 7, 0/73 HPs)
             Began as a Naga Transmuter on June 5, 2022.
             Was an Initiate of Gozag.
             Slain by a kobold demonologist
             ... wielding a +0 dagger
              (5 damage)
             ... in the Dungeon (Sprint I: "Red Sonja").
             The game lasted 00:02:17 (572 turns).

mhtbhm the Grappler (Naga Transmuter)                Turns: 572, Time: 00:02:18

Health: 0/73       AC: -1    Str: 14    XL:     7   Next: 73%
Magic:  12/17      EV: 11    Int: 13    God:    Gozag
Gold:   179        SH:  0    Dex: 12    Spells: 10/20 levels left

rFire   . . .      SeeInvis +     - Unarmed
rCold   + + +      Faith    .   (shield currently unavailable)
rNeg    . . .      Spirit   .   (body armour currently unavailable)
rPois   +          Reflect  .   (helmet currently unavailable)
rElec   +          Harm     .   (cloak currently unavailable)
rCorr   +          Rampage  .   (gloves currently unavailable)
Will    .....      NoTele   +   (no barding)
Stlth   +.........              (no amulet)
HPRegen 0.22/turn               (no ring)
MPRegen 0.15/turn               (no ring)

@: mighty, ice-form, resistant, wereblooded, spiked, corroded, gold aura
A: freezing attack, amphibious, boosted hp, AC +2, large, see invisible,
(deformed body), (poison resistance), (slowness 2), spit poison 1, (naga tail 1)
a: Spit Poison, End Transformation, Renounce Religion, Potion Petition, Call
Merchant, Bribe Branch


You were in the Dungeon.
You worshipped Gozag.
Gozag was aware of your devotion.
You were a creature of crystalline ice.
You visited 1 branch You collected 459 gold pieces.
You paid 280 gold pieces to Gozag.

Inventory:

Armour
 a - a +0 robe (melded)
Wands
 g - a wand of polymorph (11)
Scrolls
 h - a scroll of blinking
 i - a scroll of identify {unknown}
Potions
 b - 2 potions of lignification
 c - a potion of curing
 e - a potion of haste
 f - 2 potions of magic


   Skills:
 + Level 2.7 Fighting
 + Level 4.6 Dodging
 + Level 0.3 Stealth
 + Level 11.3 Unarmed Combat
 + Level 7.4 Spellcasting
 + Level 7.4 Transmutations
 + Level 1.1 Ice Magic
 + Level 1.0 Poison Magic


You had 10 spell levels left.
You knew the following spells:

 Your Spells              Type           Power      Damage    Failure   Level
a - Beastly Appendage     Tmut           48%        N/A       1%          1
b - Wereblood             Tmut           24%        N/A       1%          2
c - Spider Form           Tmut/Pois      15%        N/A       8%          3
d - Ice Form              Ice/Tmut       16%        N/A       26%         4

Your spell library contained the following spells:

 Spells                   Type           Power      Damage    Failure   Level


Dungeon Overview and Level Annotations

Branches:
Dungeon (1/1)

Altars:
Cheibriados
Dithmenos
Elyvilon
Fedhas
Gozag
Hepliaklqana
Kikubaaqudgha
Makhleb
Nemelex Xobeh
Okawaru
Qazlal
Ru
Sif Muna
Trog
Uskayaw
Vehumet
Wu Jian
Xom
Yredelemnul
Zin
The Shining One
Jiyva
Lugonu

Shops:
D *


Innate Abilities, Weirdness & Mutations

You are a creature of crystalline ice.
You have a powerful freezing melee attack.
You are amphibious.
Your maximum health is increased.
Your armour is entirely melded.
You are incapable of wielding weapons or throwing items.
((Your serpentine skin is tough. (AC +2)))
You have supernaturally acute eyesight. (SInv)
((Armour fits poorly on your strangely shaped body.))
((Your system is resistant to poisons. (rPois)))
((You cover ground very slowly.))
You can spit poison.
((You have a snake-like lower body.))


Message History

You completely miss the kobold demonologist.
The kobold demonologist is lightly wounded.
The rust devil hits you. The rust devil corrodes you!
The red devil closely misses you.
Unknown command.
Unknown command.
You hit the kobold demonologist. You freeze the kobold demonologist.
The kobold demonologist is lightly wounded.
The kobold demonologist is distracted by your dazzling golden aura.
The kobold demonologist barely misses you.
The rust devil hits you! The rust devil corrodes you!
The red devil closely misses you.
You hit the kobold demonologist. You freeze the kobold demonologist.
The kobold demonologist is moderately wounded.
The kobold demonologist hits you with a +0 dagger.
The rust devil hits you. The rust devil corrodes you!
Unknown command.
You closely miss the kobold demonologist.
The kobold demonologist is moderately wounded.
The red devil hits you from afar with a +0 trident!
* * * LOW HITPOINT WARNING * * *
Barbed spikes become lodged in your body.
The kobold demonologist casts a spell.
The rust devil closely misses you.
Okay, then.
Okay, then. [a] - 858 gold - haste, resistance, heal wounds and magic [b] - 780 gold - resistance, heal wounds, curing and magic [c] - 280 gold - resistance and might Purchase which effect?
You no longer have enough gold to petition Gozag for potion effects.
You feel protected.
You feel very mighty all of a sudden.
The kobold demonologist is no longer distracted by gold.
The red devil hits you from afar with a +0 trident!
* * * LOW HITPOINT WARNING * * *
Barbed spikes become lodged in your body.
The kobold demonologist closely misses you.
The kobold demonologist hits you with a +0 dagger.
You die...
Your body crumbles into a pile of gold.

#####################
.)..#..'..#__#.4YK44#
$$
.#..').#..'..'..#K4.#
$
###'#####'#__####...+
$ $
##..#...#)####[=#####
$ $ _####..##.#§≈§§c
$$ $ ____##'#_.+§≈§§§
$ .∩...†..._#≈§§.c#$$
$$$ ..__##_.#'##+####
____###+#(# $


You could see an ice devil (summoned), a rust devil (summoned), 2 kobold
demonologists and 2 red devils.

Vanquished Creatures
  A slime creature (D)
  Sigmund (D)
  A yak (D)
  A floating eye (D)
  An ogre (D)
  A jelly (D)
  Ijyb (D)
7 creatures vanquished.

Notes
Turn   | Place    | Note
-------+----------+-------------------------------------------
     0 | D        | mhtbhm the Naga Transmuter began the quest for the Orb.
     0 | D        | Reached XP level 1. HP: 18/18 MP: 3/3
     1 | D        | Noticed Ijyb
     7 | D        | Killed Ijyb
     8 | D        | Reached skill level 5 in Unarmed Combat
     8 | D        | Reached XP level 2. HP: 24/25 MP: 3/6
     8 | D        | Reached XP level 3. HP: 30/31 MP: 3/7
   103 | D        | Learned a level 2 spell: Wereblood
   107 | D        | Learned a level 3 spell: Spider Form
   108 | D        | Noticed an ogre
   115 | D        | Killed an ogre
   116 | D        | Reached skill level 7 in Unarmed Combat
   116 | D        | Reached XP level 4. HP: 38/38 MP: 6/10
   159 | D        | Learned a level 4 spell: Ice Form
   161 | D        | Noticed Sigmund
   169 | D        | Killed Sigmund
   170 | D        | Reached skill level 9 in Unarmed Combat
   170 | D        | Reached skill level 5 in Spellcasting
   170 | D        | Reached skill level 5 in Transmutations
   170 | D        | Reached XP level 5. HP: 29/45 MP: 9/13
   170 | D        | Reached XP level 6. HP: 33/52 MP: 9/14
   289 | D        | Found an ornate altar of the Wu Jian Council.
   289 | D        | Found a shimmering blue altar of Sif Muna.
   291 | D        | Found a radiant altar of Vehumet.
   295 | D        | Noticed a centaur warrior
   296 | D        | Noticed a centaur warrior
   299 | D        | Found Hotij's General Store.
   299 | D        | Found an ancient bone altar of Kikubaaqudgha.
   299 | D        | Found a hazy altar of Hepliaklqana.
   299 | D        | Found a stormy altar of Qazlal.
   299 | D        | Found a hide-covered altar of Uskayaw.
   299 | D        | Found a blossoming altar of Fedhas.
   299 | D        | Found a bloodstained altar of Trog.
   299 | D        | Found an iron altar of Okawaru.
   299 | D        | Found a basalt altar of Yredelemnul.
   299 | D        | Found a glowing golden altar of the Shining One.
   299 | D        | Found a snail-covered altar of Cheibriados.
   299 | D        | Found a sacrificial altar of Ru.
   299 | D        | Found a glowing silver altar of Zin.
   299 | D        | Found a shadowy altar of Dithmenos.
   299 | D        | Found a white marble altar of Elyvilon.
   299 | D        | Noticed a yak
   304 | D        | Killed a yak
   305 | D        | Reached skill level 10 in Unarmed Combat
   305 | D        | Reached XP level 7. HP: 58/60 MP: 13/16
   305 | D        | Found an opulent altar of Gozag.
   306 | D        | Found a sparkling altar of Nemelex Xobeh.
   311 | D        | Became a worshipper of Gozag Ym Sagoz the Greedy
   365 | D        | Found a burning altar of Makhleb.
   365 | D        | Found a viscous altar of Jiyva.
   365 | D        | Found a shimmering altar of Xom.
   365 | D        | Found a corrupted altar of Lugonu.
   365 | D        | Noticed a slime creature
   379 | D        | Killed a slime creature
   380 | D        | Reached skill level 11 in Unarmed Combat
   562 | D        | Noticed a kobold demonologist
   562 | D        | Noticed a kobold demonologist
   563 | D        | Paralysed by a floating eye for 2 turns
   565 | D        | Noticed a red devil
   566 | D        | Reached skill level 1 in Ice Magic
   566 | D        | Reached skill level 1 in Poison Magic
   567 | D        | Noticed a rust devil
   568 | D        | Noticed an ice devil
   572 | D        | Noticed a red devil
   572 | D        | Slain by a kobold demonologist

Illustrated notes

Levels and vault maps discovered:
D:        dungeon_sprint_1 [red_sonja_temple_1, red_sonja_temple_small_1]

Skill      XL: |  1  2  3  4  5  6  7 |
---------------+----------------------+-----
Dodging        | 2 3 4 |  4.6
Unarmed Combat | 5 7 9 10 11 | 11.3
Spellcasting   | 3 4 5 6 7 |  7.4
Transmutations | 3 5 6 7 |  7.4
Fighting       | 2 |  2.7
Ice Magic      | 1 |  1.1
Poison Magic   | 1 |  1.0
Stealth        | |  0.3

Action                   |  1- 3 |  4- 6 |  7- 9 || total
-------------------------+-------+-------+-------++-------
Melee: Unarmed           |     6 |    14 |    14 ||    34
       Headbutt          |     2 |     7 |       ||     9
       Punch             |       |     2 |       ||     2
 Cast: Beastly Appendage |     1 |     2 |       ||     3
       Spider Form       |     1 |       |     1 ||     2
       Wereblood         |       |     2 |     2 ||     4
       Ice Form          |       |       |     2 ||     2
Invok: Potion Petition   |       |       |     1 ||     1
  Use: Potion            |     1 |       |     1 ||     2
Armor: Skin              |       |       |     1 ||     1
Dodge: Dodged            |     4 |     7 |    10 ||    21

Table legend: (Time is in decaauts)
 A = Elapsed time spent in this place.
 B = Non-inter-level travel time spent in this place.
 C = Inter-level travel time spent in this place.
 D = Time resting spent in this place.
 E = Time spent auto-exploring this place.
 F = Levels seen in this place.
 G = Mean time per level.
                   A        B        C        D        E       F      G
               +--------+--------+--------+--------+--------+-----+--------+
         Total |    612 |    612 |      0 |    384 |      1 |   1 |  612.0 |
       Dungeon |    612 |    612 |      0 |    384 |      1 |   1 |  612.0 |
               +--------+--------+--------+--------+--------+-----+--------+

Top non-repeatable levels by time:
       D: 612 daAuts
